 Dungeon Crawl Stone Soup version 0.30-a0-897-ga2f19c967e (webtiles) character file.

Game seed: 10286476290361667916

618 112233 the Covert (level 7, -2/50 HPs)
             Began as an Octopode Delver on Mar 18, 2023.
             Slain by an orc wizard
             ... wielding a +0 dagger
              (4 damage)
             ... on level 5 of the Dungeon.
             The game lasted 00:02:01 (1292 turns).

112233 the Covert (Octopode Delver)                 Turns: 1292, Time: 00:02:01

Health: -2/50      AC:  1    Str: 12    XL:     7   Next: 45%
Magic:  7/7        EV: 14    Int: 14    God:
Gold:   38         SH:  0    Dex: 13    Spells: 6/6 levels left

rFire   . . .      SeeInvis .    a - +0 short sword
rCold   . . .      Faith    .    (no shield)
rNeg    . . .      Spirit   .    (helmet restricted)
rPois   .          Reflect  .    (no amulet)
rElec   .          Rampage  .    (no ring)
rCorr   .                        (no ring)
Will    .....                    (no ring)
Stlth   +++                      (no ring)
HPRegen 0.28/turn                (no ring)
MPRegen 0.10/turn                (no ring)
                                 (no ring)
                                 (no ring)

@: confused, hasted, very quick
A: almost no armour, amphibious, 8 rings, camouflage 1, gelatinous body 1,
(nimble swimmer 1), tentacles
a: no special abilities


You were on level 5 of the Dungeon.
You visited 1 branch of the dungeon, and saw 3 of its levels.

You collected 38 gold pieces.

Inventory:

Hand Weapons
 a - a +0 short sword (weapon)
Jewellery
 h - a ring of resist corrosion
Wands
 f - a wand of digging (3)
 i - a wand of flame (15) (quivered)
Scrolls
 b - a scroll of fog
 c - a scroll of magic mapping
 d - a scroll of teleportation {unknown}
 e - a scroll of immolation {unknown}
 g - a scroll of enchant armour {unknown}


   Skills:
 + Level 5.4 Fighting
 - Level 2.0 Short Blades
 + Level 4.8 Dodging
 + Level 9.2 Stealth


You had 6 spell levels left.
You didn't know any spells.
Your spell library was empty.

Dungeon Overview and Level Annotations

Branches:
Dungeon (6/15)
 Temple: D:4-7

Altars:
Elyvilon

Annotations:
D:6 exclusion: upstairs


Innate Abilities, Weirdness & Mutations

You cannot wear most types of armour.
You are amphibious.
You can wear up to eight rings at the same time.
Your skin changes colour to match your surroundings (Stealth+).
Your rubbery body absorbs attacks. (AC +1, EV +1)
((You are camouflaged when in or above water. (Stealth+)))
You have tentacles for arms and can constrict up to eight enemies at once.


Message History

You miss something. Your squeeze misses something.
You hit something but do no damage.
You hear some strange, mumbled words.
You are more confused.
You bump into the rock wall.
Something hits you.
You closely miss something. Your squeeze misses something. Something hits you.
You bump into the rock wall.
Something hits you.
You bump into the rock wall.
Something hits you. Something hits you.
You bump into the rock wall.
Something hits you.
Unknown command.
You bump into the rock wall.
You hear some strange, mumbled words.
A puff of flame appears from out of thin air!
The puff of flame hits you!
* * * LOW HITPOINT WARNING * * *
Okay, then.
You are too confused!
Unknown command.
You feel yourself speed up.
You feel less confused. Something hits you.
* * * LOW HITPOINT WARNING * * *
Unknown command.
You hear some strange, mumbled words.
You are confused.
Unknown command.
Unknown command.
Unknown command.
You bump into the rock wall.
You bump into the rock wall.
You see here a +0 chain mail.
Unknown command.
You miss something. You squeeze something.
Unknown command.
You're too confused to move!
Something hits you.
* * * LOW HITPOINT WARNING * * *
Unknown command.
You're too confused to move!
Something hits you.
You die...

...######...#.#
#......... ...# ##....#
#......... ...####
#.#### #.........
###.... #.# #.........
#....###$######.......[.
#.......................
#....###..####..........
#.....##..# #..........
..o.........##
#@.########
...#+##.###..# #.## .. #
##.###.# . #....>#
#######


There were no monsters in sight!

Vanquished Creatures
  2 black bears (D:5)
  An ice beast (D:5)
  An ogre (D:5)
  A scorpion (D:6)
  A howler monkey (D:5)
  A hound (D:5)
  A sleepcap (D:5)
  3 iguanas (D:6)
  3 adders (D:5)
  3 jackals (D:5)
17 creatures vanquished.

Vanquished Creatures (others)
  A jackal (D:5)
  A quokka (D:5)
  A plant (D:4)
3 creatures vanquished.

Grand Total: 20 creatures vanquished

Notes
Turn   | Place    | Note
-------+----------+-------------------------------------------
     0 | D:5      | 112233 the Octopode Delver began the quest for the Orb.
     0 | D:5      | Reached XP level 1. HP: 16/16 MP: 1/1
     6 | D:5      | Noticed a hound
    16 | D:6      | Noticed an iguana
    22 | D:6      | Killed an iguana
    23 | D:6      | Reached skill level 7 in Stealth
    23 | D:6      | Reached XP level 2. HP: 7/21 MP: 2/2
    23 | D:6      | Reached XP level 3. HP: 9/26 MP: 3/3
   310 | D:6      | Noticed a scorpion
   316 | D:6      | Killed a scorpion
   317 | D:6      | Reached XP level 4. HP: 33/33 MP: 4/4
   384 | D:6      | Reached XP level 5. HP: 37/37 MP: 5/5
   405 | D:5      | Noticed an ogre
   424 | D:5      | Noticed a black bear
   427 | D:5      | Killed a black bear
   428 | D:5      | Reached skill level 8 in Stealth
   428 | D:5      | Reached XP level 6. HP: 29/44 MP: 6/6
   732 | D:5      | Found a white marble altar of Elyvilon.
   925 | D:5      | Noticed a black bear
   934 | D:5      | Killed a black bear
   935 | D:5      | Reached skill level 5 in Fighting
   935 | D:5      | Reached skill level 9 in Stealth
   935 | D:5      | Reached XP level 7. HP: 41/50 MP: 7/7
  1291 | D:5      | HP: 2/50 [something (4)]
  1292 | D:5      | Slain by an orc wizard

Illustrated notes

Levels and vault maps discovered:
D:4:      layout_basic, mainiacjoe_overflow_tiny_flanked, serial_bayou,
          serial_bayou_lagoon_a, serial_bayou_pond_a, serial_bayou_shore_a,
          serial_bayou_crossing, serial_bayou_pond_e, serial_shops, shop,
          minmay_bent
D:5:      minmay_general_purpose_star, layout_basic, elyvilon_altar_4,
          uniq_duvessa, uniq_menkaure
D:6:      layout_gridville

Skill      XL: |  1  2  3  4  5  6 |
---------------+-------------------+-----
Stealth        | 7 8 9 |  9.2
Dodging        | 3 4 |  4.8
Fighting       | 4 5 |  5.4
Short Blades   | |  2.0

Action                     |  1- 3 |  4- 6 |  7- 9 || total
---------------------------+-------+-------+-------++-------
  Melee: Short sword       |     6 |    31 |    27 ||    64
         Tentacles         |     1 |     6 |     5 ||    12
         Constrict         |     1 |     6 |     3 ||    10
  Evoke: Wand              |       |     6 |     4 ||    10
    Use: Potion            |       |     1 |     1 ||     2
         Scroll            |       |       |     1 ||     1
   Stab: Sleeping          |     2 |     4 |       ||     6
 Armour: Skin              |       |     4 |       ||     4
  Dodge: Dodged            |     2 |    16 |    15 ||    33

Table legend: (Time is in decaauts)
 A = Elapsed time spent in this place.
 B = Non-inter-level travel time spent in this place.
 C = Inter-level travel time spent in this place.
 D = Time resting spent in this place.
 E = Time spent auto-exploring this place.
 F = Levels seen in this place.
 G = Mean time per level.
                   A        B        C        D        E       F      G
               +--------+--------+--------+--------+--------+-----+--------+
         Total |   1266 |   1222 |     44 |    656 |    341 |   3 |  422.0 |
       Dungeon |   1266 |   1222 |     44 |    656 |    341 |   3 |  422.0 |
               +--------+--------+--------+--------+--------+-----+--------+

Top non-repeatable levels by time:
     D:5: 705 daAuts
     D:6: 556 daAuts
     D:4: 4 daAuts
